 Dungeon Crawl Stone Soup version 0.29-a0-322-g68df515428 (webtiles) character file.

Game seed: 13136872727742551491

64 Ijustatesigmund the Magician (level 3, 0/19 HPs)
             Began as a Deep Elf Fire Elementalist on Apr 8, 2022.
             Succumbed to an adder's poison
             ... on level 2 of the Dungeon.
             The game lasted 00:04:16 (1828 turns).

Ijustatesigmund the Magician (DEFE)                 Turns: 1828, Time: 00:04:17

Health: 0/19       AC:  4    Str:  5    XL:     3   Next: 91%
Magic:  6/10       EV: 12    Int: 21    God:
Gold:   149        SH:  0    Dex: 15    Spells: 7/10 levels left

rFire   . . .      SeeInvis .   c - +0 lajatang
rCold   . . .      Faith    .   (shield currently unavailable)
rNeg    . . .      Spirit   .   a - +0 animal skin
rPois   .          Reflect  .   e - +1 helmet
rElec   .          Harm     .   (no cloak)
rCorr   .          Rampage  .   (no gloves)
Will    .....                   (no boots)
Stlth   ++........              (no amulet)
HPRegen 0.06/turn               (no ring)
MPRegen 0.12/turn               (no ring)

@: mighty, lethally poisoned (0 -> -1)
A: no striking features
a: no special abilities


You were on level 2 of the Dungeon.
You visited 1 branch of the dungeon, and saw 2 of its levels.

You collected 149 gold pieces.

Inventory:

Hand Weapons
 c - a +0 lajatang (weapon)
 i - a +2 dagger of electrocution
Armour
 a - a +0 animal skin (worn)
 e - a +1 helmet (worn)
Jewellery
 k - a ring of protection from fire
Scrolls
 n - a scroll of amnesia {unknown}
Potions
 b - a potion of magic
 d - a potion of haste {unknown}
 f - a potion of flight {unknown}
 g - a potion of curing {unknown}
 h - a potion of heal wounds {unknown}
 l - a potion of berserk rage {unknown}
 m - a potion of attraction {unknown}


   Skills:
 + Level 0.0 Staves
 - Level 2.4 Dodging
 - Level 2.4 Stealth
 + Level 4.1 Spellcasting
 + Level 2.5 Conjurations
 + Level 4.0 Fire Magic


You had 7 spell levels left.
You knew the following spells:

 Your Spells              Type           Power      Damage    Failure   Level
a - Foxfire               Conj/Fire      72%        2x1d7     3%          1
b - Scorch                Fire           42%        2d7       3%          2

Your spell library contained the following spells:

 Spells                   Type           Power      Damage    Failure   Level
 Conjure Flame            Conj/Fire      18%        6-21      9%          3
 Inner Flame              Hex/Fire       12%        N/A       16%         3
 Flame Wave               Conj/Fire      18%        2d6       30%         4


Dungeon Overview and Level Annotations

Branches:
Dungeon (2/15)

Altars:
Trog


Message History

Confirm with . or Enter, or press ? or * to list all spells.
You conjure some foxfire!
The foxfire hits the adder.
The adder is moderately wounded.
The adder hisses angrily.
Casting: Foxfire (safe; 3% risk of failure)
Confirm with . or Enter, or press ? or * to list all spells.
You conjure some foxfire!
Your foxfire dissipates!
You closely miss the adder.
The adder is moderately wounded.
Your foxfire dissipates!
The adder misses you. The adder bites you.
Your foxfire dissipates!
You miss the adder.
The adder is moderately wounded.
The adder bites you but does no damage. The adder bites you.
Casting: Foxfire (safe; 3% risk of failure)
Confirm with . or Enter, or press ? or * to list all spells.
You conjure some foxfire!
The adder bites you.
You are poisoned.
The adder poisons you!
You feel sick. The adder bites you.
Casting: Foxfire (safe; 3% risk of failure)
Confirm with . or Enter, or press ? or * to list all spells.
You conjure some foxfire!
You feel sick. The adder bites you.
You feel sick.
The foxfire hits the adder.
The adder is heavily wounded.
The adder misses you. The adder barely misses you.
Casting: Foxfire (safe; 3% risk of failure)
Confirm with . or Enter, or press ? or * to list all spells.
You conjure some foxfire!
You feel sick. The adder bites you.
* * * LOW HITPOINT WARNING * * *
* * * LOW HITPOINT WARNING * * *
You feel sick.
The foxfire hits the adder.
The adder is severely wounded.
The adder barely misses you.
It was a potion of might.
You feel very mighty all of a sudden.
You die...

..# #.# ...... #.### .....
....# .... #...############
... ..........#....# ..
.....####.#....##b#
..........#....v#S#
..........#....v@.#
##........#....ยง#######
##.########...........# )..#
###.........# #### #.........#
###.....######### ####
#.............# ...########
#.............##
#.........##................^.


You could see an adder (ally target) and a bat.

Vanquished Creatures
  Robin (D:2)
  6 ball pythons
  4 bats
  8 endoplasms
  A giant cockroach (D:1)
  7 goblins (D:2)
  8 hobgoblins
  5 kobolds
  A frilled lizard (D:1)
  5 rats
46 creatures vanquished.

Vanquished Creatures (others)
  147 foxfires
147 creatures vanquished.

Grand Total: 193 creatures vanquished

Notes
Turn   | Place    | Note
-------+----------+-------------------------------------------
     0 | D:1      | Ijustatesigmund the Deep Elf Fire Elementalist began the
                  | quest for the Orb.
     0 | D:1      | Reached XP level 1. HP: 10/10 MP: 6/6
    74 | D:1      | Found a bloodstained altar of Trog.
   211 | D:1      | Reached XP level 2. HP: 15/15 MP: 2/8
   521 | D:1      | Learned a level 2 spell: Scorch
   684 | D:1      | Found a faded altar of an unknown god.
   757 | D:1      | Reached XP level 3. HP: 19/19 MP: 8/10
  1144 | D:2      | Noticed Robin
  1152 | D:2      | Killed Robin
  1828 | D:2      | Succumbed to an adder's poison

Illustrated notes

Levels and vault maps discovered:
D:1:      spicycebolla_arrival_xxxplode, layout_rooms,
          shapermc_ecumenical_altar_ellora, minmay_hexomino_r4
D:2:      layout_basic, serial_corexii_hall, chequers_hall_statues_wall_a,
          corexii_hall_statues_u, corexii_hall_statues_s,
          corexii_hall_statues_t, chequers_hall_statues_y,
          corexii_hall_statues_deadend, minmay_snake_closets, uniq_robin,
          uniq_jessica

Skill      XL: |  1  2  3 |
---------------+----------+-----
Conjurations   | 2 |  2.5
Spellcasting   | 4 |  4.1
Fire Magic     | 4 |  4.0
Dodging        | |  2.4
Stealth        | |  2.4

Action                   || total
-------------------------++-------
Melee: Lajatang          ||     2
 Cast: Foxfire           ||    88
       Scorch            ||     1
  Use: Scroll            ||     5
       Potion            ||     1
Armor: Robe              ||     4
       Animal skin       ||     1
Dodge: Dodged            ||    15

Table legend: (Time is in decaauts)
 A = Elapsed time spent in this place.
 B = Non-inter-level travel time spent in this place.
 C = Inter-level travel time spent in this place.
 D = Time resting spent in this place.
 E = Time spent auto-exploring this place.
 F = Levels seen in this place.
 G = Mean time per level.
                   A        B        C        D        E       F      G
               +--------+--------+--------+--------+--------+-----+--------+
         Total |   1834 |   1824 |     10 |    633 |    841 |   2 |  917.0 |
       Dungeon |   1834 |   1824 |     10 |    633 |    841 |   2 |  917.0 |
               +--------+--------+--------+--------+--------+-----+--------+

Top non-repeatable levels by time:
     D:1: 1204 daAuts
     D:2: 630 daAuts
